 Dungeon Crawl Stone Soup version 0.28.0-49-g6dfe1f597d (webtiles) character file.

Game seed: 2286871428251826840

3666 Dreadrock the Skirmisher (level 10, -9/63 HPs)
             Began as a Gargoyle Berserker on May 11, 2022.
             Was a Priest of Trog.
             Killed by divine providence
             ... invoked by an orc priest
              (13 damage)
             ... on level 9 of the Dungeon.
             The game lasted 00:23:06 (12314 turns).

Dreadrock the Skirmisher (Gargoyle Berserker)      Turns: 12314, Time: 00:23:07

Health: -9/63      AC: 31    Str: 31    XL:     10   Next: 12%
Magic:  10/10      EV:  9    Int:  8    God:    Trog [***...]
Gold:   353        SH: 10    Dex:  9    Spells: 9/9 levels left

rFire   . . .      SeeInvis .   b - +2 mace (protect)
rCold   . . .      Faith    .   o - +5 buckler "Zoigal" {rCorr}
rNeg    + . .      Spirit   .   D - +0 plate armour
rPois   ∞          Reflect  .   (no helmet)
rElec   +          Harm     .   a - +0 cloak
rCorr   +          Rampage  .   z - +0 pair of gloves
Will    .....                   j - +0 pair of boots
Stlth   ..........              (no amulet)
HPRegen 0.20/turn               m - +6 ring of strength
MPRegen 0.12/turn               (no ring)

@: under a protective aura, on berserk cooldown, slowed, very slow
A: sickness immunity, AC +7, negative energy resistance 1, electricity
resistance, torment resistance 1, petrification resistance
a: Renounce Religion, Berserk, Trog's Hand


You were on level 9 of the Dungeon.
You worshipped Trog.
Trog was most pleased with you.
You visited 1 branch of the dungeon, and saw 9 of its levels.

You collected 353 gold pieces.

Inventory:

Hand Weapons
 b - a +2 mace of protection (weapon)
Missiles
 f - 23 poisoned darts (quivered)
 H - a throwing net
Armour
 a - a +0 cloak (worn)
 j - a +0 pair of boots (worn)
 o - the +5 buckler "Zoigal" (worn) {rCorr}
   (You found it on level 3 of the Dungeon)

   rCorr:     It protects you from acid and corrosion.
 z - a +0 pair of gloves (worn)
 D - a +0 plate armour (worn)
Jewellery
 m - a +6 ring of strength (left hand)
 t - a +6 ring of dexterity
 F - an amulet of regeneration
Wands
 v - a wand of iceblast (12)
 B - a wand of polymorph (12)
Scrolls
 c - a scroll of summoning {unknown}
 e - a scroll of noise {unknown}
 g - 3 scrolls of vulnerability {unknown}
 i - 4 scrolls of acquirement {unknown}
 k - 4 scrolls of teleportation {unknown}
 l - a scroll of brand weapon {unknown}
 p - 3 scrolls of immolation {unknown}
 q - a scroll of enchant weapon {unknown}
 s - a scroll of fog {unknown}
 u - 3 scrolls of fear {unknown}
 x - a scroll of blinking {unknown}
 y - a scroll of enchant armour {unknown}
 A - 3 scrolls of identify
 G - a scroll of magic mapping {unknown}
Potions
 d - a potion of curing
 h - 3 potions of haste
 n - a potion of cancellation
 r - 2 potions of resistance
 w - a potion of flight {unknown}
 C - a potion of berserk rage {unknown}
 E - a potion of heal wounds {unknown}


   Skills:
 + Level 7.4 Fighting
 + Level 6.9 Maces & Flails
 + Level 3.1 Throwing
 + Level 7.0 Armour
 + Level 5.3 Dodging
 + Level 6.6 Shields


You had 9 spell levels left.
You didn't know any spells.
Your spell library was empty.

Dungeon Overview and Level Annotations

Branches:
Dungeon (9/15)             Temple (0/1) D:5
   Lair: D:8-11         Orc: D:9-12

Altars:
Xom

Shops:
D:1 [   D:2 !


Innate Abilities, Weirdness & Mutations

You are immune to sickness and miasma.
Your stone body is resilient. (AC +7)
You are immune to poison.
You resist negative energy. (rN+)
You are resistant to electric shocks. (rElec)
You are resistant to unholy torment.
You are immune to petrification.


Message History

The orc priest mumbles some strange prayers to Beogh against you.
Beogh smites you!
* * * LOW HITPOINT WARNING * * *
The warg bites you.
* * * LOW HITPOINT WARNING * * *
The human hits you but does no damage. You block the bullfrog's attack.
You hit the human.
The human is almost dead.
The howler monkey hits you but does no damage.
The bullfrog hits you but does no damage.
A goblin comes into view.
You block the warg's attack. The goblin barely misses you.
The howler monkey hits you.
* * * LOW HITPOINT WARNING * * *
The human hits you but does no damage. You block the bullfrog's attack.
The warg bites you but does no damage. The goblin closely misses you.
You closely miss the human.
The human is almost dead.
The goblin shouts!
The bullfrog barely misses you. You block the howler monkey's attack.
The human hits you but does no damage.
A goblin comes into view.
The warg barely misses you.
The bullfrog hits you but does no damage.
You block the goblin's attack.
The howler monkey hits you but does no damage.
The human hits you with a +0 dagger.
* * * LOW HITPOINT WARNING * * *
You block the warg's attack.
You sock the bullfrog!
The bullfrog is heavily wounded.
The bullfrog barely misses you. You block the howler monkey's attack.
The goblin hits you but does no damage. The warg bites you but does no damage.
The bullfrog hits you but does no damage.
The human hits you with a +0 dagger.
* * * LOW HITPOINT WARNING * * *
The howler monkey closely misses you.
The orc priest calls down the wrath of Beogh upon you.
Beogh smites you!
You die...

#....................#
##.#.......(..........#
......................#
......................#
#....................#
.##.........######....##
......##....######....#
.....o##)...#.........#
..?..Wp@F...#........###
.....ohgh.........>...)#
....$oZo##..#........#.#
..gg....# ..####.<####.#
......... ..# #..# .
......... ..# #..# ?
.......## .# #..#
....... ...# #....


You could see a human, a wraith, a warg, an orc warrior, a bullfrog, a howler
monkey, an orc priest, 2 orcs, a howler monkey zombie and 3 goblins.

Vanquished Creatures
  Pikel (D:4)
  Prince Ribbit (D:7)
  A water moccasin (D:7)
  Duvessa (D:5)
  An orc warrior (D:7)
  An ice beast (D:6)
  2 sky beasts
  5 black bears
  4 ogres
  A phantom (D:7)
  A kobold brigand (D:6)
  Blork the orc (D:4)
  A bullfrog (D:6)
  A scorpion (D:4)
  Dowan (D:5)
  5 wights (D:8)
  7 howler monkeys
  A bullfrog zombie (D:5)
  A centaur zombie (D:8)
  3 jellies
  A gnoll shaman (D:6)
  5 hounds
  A centaur skeleton (D:7)
  2 orc priests (D:9)
  3 iguanas
  Crazy Yiuf (D:2)
  3 orc wizards
  A hound zombie (D:5)
  A howler monkey zombie (D:7)
  7 adders
  3 gnolls (D:6)
  A shadow imp (D:6)
  A white imp (D:6)
  3 worms
  2 dart slugs (D:2)
  14 orcs
  11 endoplasms
  2 giant cockroaches
  8 goblins
  4 hobgoblins
  10 jackals
  5 ball pythons
  8 bats
  A frilled lizard (D:3)
  8 kobolds
  4 rats
150 creatures vanquished.

Vanquished Creatures (others)
  An orc (D:5)
  A fungus (D:3)
  7 plants (D:3)
9 creatures vanquished.

Grand Total: 159 creatures vanquished

Notes
Turn   | Place    | Note
-------+----------+-------------------------------------------
     0 | D:1      | Dreadrock the Gargoyle Berserker began the quest for the
                  | Orb.
     0 | D:1      | Reached XP level 1. HP: 14/14 MP: 1/1
   390 | D:1      | Found Goalos's Armour Shop.
   485 | D:1      | Reached XP level 2. HP: 19/19 MP: 2/2
  1298 | D:2      | Reached skill level 1 in Shields
  1298 | D:2      | Reached XP level 3. HP: 14/23 MP: 3/3
  1417 | D:2      | Found Dydir's Distillery.
  2605 | D:2      | Found a runed translucent door.
  3006 | D:2      | Noticed Crazy Yiuf
  3014 | D:2      | Killed Crazy Yiuf
  3015 | D:2      | Reached XP level 4. HP: 29/29 MP: 4/4
  3757 | D:3      | Found a faded altar of an unknown god.
  3834 | D:3      | Reached ** piety under Trog
  4919 | D:3      | Identified the +5 buckler "Zoigal" {rCorr}
  5060 | D:4      | Noticed a black bear
  5078 | D:4      | Reached XP level 5. HP: 28/33 MP: 5/5
  5099 | D:4      | Killed a black bear
  5100 | D:4      | Reached XP level 6. HP: 22/38 MP: 6/6
  5690 | D:4      | Noticed Blork the orc
  5707 | D:4      | Killed Blork the orc
  5865 | D:4      | Noticed Pikel
  5885 | D:4      | Killed Pikel
  5886 | D:4      | Reached skill level 5 in Fighting
  5886 | D:4      | Reached XP level 7. HP: 44/44 MP: 7/7
  6098 | D:4      | Reached XP level 8. HP: 44/49 MP: 8/8
  6279 | D:4      | Reached skill level 5 in Maces & Flails
  6809 | D:5      | Entered Level 5 of the Dungeon
  7185 | D:5      | Found a shimmering altar of Xom.
  7199 | D:5      | Reached skill level 5 in Armour
  7675 | D:5      | Found a staircase to the Ecumenical Temple.
  7722 | D:5      | Noticed Dowan
  7722 | D:5      | Noticed Duvessa
  7729 | D:5      | Killed Duvessa
  7730 | D:5      | Reached skill level 5 in Shields
  7762 | D:5      | Killed Dowan
  8470 | D:6      | Reached XP level 9. HP: 55/55 MP: 9/9
  8582 | D:6      | Reached skill level 1 in Throwing
  9853 | D:7      | Reached *** piety under Trog
  9877 | D:7      | Noticed Prince Ribbit
  9990 | D:7      | Killed Prince Ribbit
  9991 | D:7      | Reached skill level 5 in Dodging
 11583 | D:8      | Reached XP level 10. HP: 40/63 MP: 10/10
 12314 | D:9      | Killed from afar by an orc priest

Illustrated notes

Levels and vault maps discovered:
D:1:      wander_arrival_estate, layout_rooms, serial_shops,
          nicolae_diamond_shop
D:2:      layout_loops_ring, serial_shops, shop, uniq_crazy_yiuf_cottage
D:3:      layout_basic, shapermc_ecumenical_altar_hornbeckon
D:4:      layout_basic, minmay_fractal_squares_5, uniq_pikel, uniq_blork_the_orc
D:5:      layout_gridville, xom_confusion_cloud, temple_hall, uniq_duvessa
D:6:      layout_basic, corexii_leaking_fountain
D:7:      nicolae_cairo_tiling_large_dashed, layout_basic, uniq_prince_ribbit1
D:8:      layout_loops_ring, minmay_misc_feat_room
D:9:      layout_basic, erik_orc_4, enter_bailey_5, david_defended_altar_orc

Skill      XL: |  1  2  3  4  5  6  7  8  9 10 |
---------------+-------------------------------+-----
Shields        | 1 2 3 4 5 6 |  6.6
Dodging        | 2 3 4 5 |  5.3
Armour         | 3 4 5 6 7 |  7.0
Fighting       | 4 5 6 7 |  7.4
Maces & Flails | 4 5 6 |  6.9
Throwing       | 2 3 |  3.1

Action                   |  1- 3 |  4- 6 |  7- 9 | 10-12 || total
-------------------------+-------+-------+-------+-------++-------
Melee: Mace              |   135 |   111 |   348 |    69 ||   663
       Punch             |     1 |       |       |       ||     1
       Unarmed           |       |       |     2 |       ||     2
Throw: Dart              |       |       |     4 |       ||     4
Invok: Berserk           |     2 |     2 |     4 |     1 ||     9
       Trog's Hand       |       |       |     1 |       ||     1
  Use: Scroll            |       |       |     5 |       ||     5
       Potion            |       |       |     1 |       ||     1
 Stab: Sleeping          |     1 |       |       |       ||     1
Armor: Animal skin       |    63 |       |       |       ||    63
       Leather armour    |     4 |    18 |       |       ||    22
       Chain mail        |       |    57 |   144 |       ||   201
       Plate armour      |       |       |   118 |    68 ||   186
Dodge: Dodged            |   116 |    56 |   144 |    54 ||   370
Block: Buckler           |       |    44 |   220 |    52 ||   316
